 Dungeon Crawl Stone Soup version 0.25.1-2-g60ff931df9 (webtiles) character file.

Game seed: 7068952469547244002

27 HawFromDerth the Ruffian (level 2, 0/23 HPs)
             Began as a Draconian Transmuter on Sept 21, 2020.
             Slain by Sigmund
             ... wielding a +0 scythe
              (7 damage)
             ... on level 2 of the Dungeon.
             The game lasted 00:02:56 (1300 turns).

HawFromDerth the Ruffian (Draconian Transmuter)     Turns: 1300, Time: 00:02:57

Health: 0/23       AC:  4    Str: 12    XL:     2   Next: 93%
Magic:  4/5        EV: 12    Int: 13    God:
Gold:   43         SH:  0    Dex: 11    Spells: 4/5 levels left

rFire    . . .     SeeInvis .     - Unarmed
rCold    . . .     Gourm    .   (no shield)
rNeg     . . .     Faith    .   (armour unavailable)
rPois    .         Spirit   .   (helmet restricted)
rElec    .         Reflect  .   (no cloak)
rCorr    .         Harm     .   (no gloves)
MR       .....                  (boots currently unavailable)
Stlth    +.........             (no amulet)
HPRegen  0.07/turn              (no ring)
MPRegen  0.09/turn              (no ring)

@: appendage (expiring), very slightly contaminated
A: unfitting armour, talons 3, cold-blooded, AC +4
a: End Transformation


You were on level 2 of the Dungeon.
You were not hungry.
You had grown temporary talons.
You visited 1 branch of the dungeon, and saw 2 of its levels.

You collected 43 gold pieces.

Inventory:

Missiles
 a - 12 arrows
Jewellery
 i - a cursed -4 ring of intelligence {unknown}
Scrolls
 f - a scroll of remove curse {unknown}
 h - 2 scrolls of identify {unknown}
Potions
 b - a potion of curing
 d - a potion of heal wounds {unknown}
 e - 2 potions of lignification {unknown}
Comestibles
 c - a ration
 g - a chunk of flesh


   Skills:
 + Level 1.2 Fighting
 + Level 2.0 Dodging
 + Level 3.8 Unarmed Combat
 + Level 2.1 Spellcasting
 + Level 2.1 Transmutations


You had 4 spell levels left.
You knew the following spells:

 Your Spells              Type           Power        Failure   Level  Hunger
a - Beastly Appendage     Tmut           #.....       11%         1    ##.....

Your spell library contained the following spells:

 Spells                   Type           Power        Failure   Level  Hunger
 Sticks to Snakes         Tmut           #.......     16%         2    ###....
 Spider Form              Tmut/Pois      #.........   43%         3    ####...
 Ice Form                 Ice/Tmut       #.......     85%         4    #####..
 Blade Hands              Tmut           #.........   96%         5    ######.


Dungeon Overview and Level Annotations

Branches:
Dungeon (2/15)

Altars:

Annotations:
D:2 Sigmund


Innate Abilities, Weirdness & Mutations

Your plain brown scales are hard. (AC +4)
You cannot fit into any form of body armour.
You are cold-blooded and may be slowed by cold attacks.
You have claws for feet.


Message History

Sigmund is moderately wounded.
Sigmund closely misses you.
You hit Sigmund.
Your tail-slap misses Sigmund.
Sigmund is heavily wounded.
You hit Sigmund. Your kick misses Sigmund.
Sigmund is severely wounded.
Sigmund points at you and mumbles some strange words.
The magic dart hits you!
* * * LOW HITPOINT WARNING * * *
You closely miss Sigmund. You claw Sigmund.
Sigmund is almost dead.
Sigmund drinks a potion.
Sigmund is healed!
You hit Sigmund but do no damage.
Sigmund is heavily wounded.
Sigmund drinks a potion.
Sigmund is healed!
You hit Sigmund.
Your tail-slap misses Sigmund.
Sigmund is heavily wounded.
Your transformation is almost over.
Sigmund hits you with a +0 scythe!
You die...

#.........# #.#
###.######### #.# #...#
..# #.# #...# # # #.# #.#
#...# #.#.#.# #.#
#...#.#.#.#.###.#
###.#.#.........#
##########.#.....#.#####
.......@................
#.....@).#.#.#....รท...##
#........#.#.#.#.......#
#..........# #<..<.....#
#.......#..# #.#.#.###.#
#.......#..# #.#........
#.......#..# # ###.##.##
#.......#..# ... .. .....
.


You could see Sigmund.

Vanquished Creatures
  An ooze (D:1)
  A dart slug (D:1)
  6 bats
  2 goblins (D:1)
  2 jackals (D:1)
  2 kobolds (D:1)
  A quokka (D:2)
  3 frilled lizards
18 creatures vanquished.

Notes
Turn   | Place    | Note
-------+----------+-------------------------------------------
     0 | D:1      | HawFromDerth the Draconian Transmuter began the quest for
                  | the Orb.
     0 | D:1      | Reached XP level 1. HP: 16/16 MP: 3/3
   348 | D:1      | Reached XP level 2. HP: 10/23 MP: 3/5
  1287 | D:2      | Noticed Sigmund
  1300 | D:2      | Slain by Sigmund

Illustrated notes

Levels and vault maps discovered:
D:1:      dpeg_arrival_snail, layout_loops_corners
D:2:      layout_basic, uniq_sigmund

Skill      XL: |  1 |
---------------+----+-----
Dodging        | 2 |  2.0
Fighting       | |  1.2
Unarmed Combat | |  3.8
Spellcasting   | |  2.1
Transmutations | |  2.1

Action                   || total
-------------------------++-------
Melee: Unarmed           ||    72
       Kick              ||     9
       Tailslap          ||     5
       Headbutt          ||     2
 Cast: Beastly Appendage ||    14
  Eat: Ration            ||     1
Armor: Skin              ||    22
Dodge: Dodged            ||    68
